 Dungeon Crawl Stone Soup version 0.30-b1-2-g02819fbbbe (webtiles) character file.

Game seed: 4923127562780451395

0 Alarkh the Sneak (level 1, -1/18 HPs)
             Began as a Demonspawn Delver on May 22, 2023.
             Slain by a bullfrog (6 damage)
             ... on level 6 of the Dungeon.
             The game lasted 00:00:59 (282 turns).

Alarkh the Sneak (Demonspawn Delver)                 Turns: 282, Time: 00:01:00

Health: -1/18      AC:  3    Str: 12    XL:     1   Next: 0%
Magic:  1/1        EV: 11    Int: 11    God:
Gold:   12         SH:  0    Dex: 14    Spells: 0/0 levels left

rFire   . .          .
                       - Unarmed
rCold   . . .        (no shield)
rNeg    . . .        a - +0 leather armour
rPois   .            (no helmet)
rElec   .            (no cloak)
rCorr   .            (no gloves)
SInv    .            (no boots)
Will    .....        (no amulet)
Stlth   ++           (no ring)
HPRegen 0.23/turn    (no ring)
MPRegen 0.07/turn

%: no passive effects
@: mighty
A: no striking features
a: no special abilities


You were on level 6 of the Dungeon.
You visited 1 branch of the dungeon, and saw 2 of its levels.

You collected 12 gold pieces.

Inventory:

Armour
 a - a +0 leather armour (worn)
Wands
 f - a wand of digging (3)
Scrolls
 b - a scroll of fog
 c - a scroll of magic mapping
 d - a scroll of fear
 i - a scroll of vulnerability {unknown}
 r - a scroll of identify
Potions
 e - a potion of haste


   Skills:
 - Level 3.0 Fighting
 - Level 1.7 Dodging
 - Level 4.5 Stealth
 + Level 1.7 Unarmed Combat


You couldn't memorise any spells.
You didn't know any spells.
Your spell library contained the following spells:

 Spells                   Type           Power      Damage    Failure   Level
 Cigotuvi's Dreadful Rot  Necr/Pois/Air  0%         N/A       56%         2
 Dispel Undead            Necr           0%         3d6       99%         4
 Death Channel            Necr           0%         N/A       100%        6


Dungeon Overview and Level Annotations

Branches:
Dungeon (6/15)
 Temple: D:4-7

Altars:

Annotations:
D:6 Grinder


Message History

Level annotation: Grinder
There is a stone staircase leading up here.
A lemure comes into view.
You open the door. You open the door.
There is an open door here.
There is an open door here.
Found a scroll labelled TYTWIKKEFUT.
j - a scroll labelled TYTWIKKEFUT
There is a stone staircase leading up here.
You now have 12 gold pieces.
A jelly comes into view.
Found a scroll labelled TYTWIKKEFUT.
Found a robe.
j - 2 scrolls labelled TYTWIKKEFUT (gained 1)
You see here a +0 robe.
You open the door.
As you read the scroll labelled TYTWIKKEFUT, it crumbles to dust.
It is a scroll of identify.
g - a potion of might Adjust (i)tems, (s)pells, or (a)bilities?
j - a scroll of identify Adjust to which letter? (? for menu, Esc to quit)
r - a scroll of identify
There is an open door here.
A bullfrog comes into view.
It was a potion of curing.
You feel better.
You feel very mighty all of a sudden. The bullfrog hits you.
The bullfrog hits you but does no damage.
You closely miss the bullfrog. The bullfrog closely misses you.
You punch the bullfrog!
The bullfrog is moderately wounded.
The bullfrog hits you.
You closely miss the bullfrog.
The bullfrog is moderately wounded.
The bullfrog hits you.
* * * LOW HITPOINT WARNING * * *
The bullfrog hits you.
You die...

......#
#............#
......#
##########.###
......# #....##.#
......# ####....##.#
......# #..'[...##.#
# #.##....##.# ...
#.##....##.#
#..##.##....##.######
#..F@####..........#
###..# #####.####.#
##.. #.# #... #.#
..##. #.# ### #. #.#
## ..# ..# #..


You could see a bullfrog.

Vanquished Creatures (others)
  7 toadstools (D:5)
7 creatures vanquished.

Notes
Turn   | Place    | Note
-------+----------+-------------------------------------------
     0 | D:5      | Alarkh the Demonspawn Delver began the quest for the Orb.
     0 | D:5      | Reached XP level 1. HP: 18/18 MP: 1/1
    29 | D:5      | Noticed an iguana
   156 | D:6      | Noticed Grinder
   191 | D:6      | Noticed a lemure
   251 | D:6      | Noticed a jelly
   277 | D:6      | Noticed a bullfrog
   282 | D:6      | Slain by a bullfrog

Illustrated notes

Levels and vault maps discovered:
D:5:      cheibrodos_fertilizer, layout_basic, lemuel_doored_altar,
          uniq_eustachio, uniq_crazy_yiuf_cottage
D:6:      layout_basic, nicolae_overflow_hidden_temple,
          nicolae_shop_i_like_big_books, nicolae_hexahallways, uniq_grinder,
          uniq_pikel

Action                     || total
---------------------------++-------
  Melee: Unarmed           ||     3
    Use: Potion            ||     2
         Scroll            ||     1
 Armour: Leather armour    ||     1
  Dodge: Dodged            ||     1
